 Dungeon Sprint DCSS version 0.30-a0-860-g512cf1e979 (webtiles) character file.

Game seed: 1501744053814034102

262 BigDaddyOpFi the Cleaver (level 6, -3/61 HPs)
             Began as a Hill Orc Fighter on Mar 7, 2023.
             Was an Initiate of Qazlal.
             Slain by a vampire (4 damage)
             ... in the Dungeon (Sprint IX: "|||||||||||||||||||||||||||||").
             The game lasted 00:00:51 (390 turns).

BigDaddyOpFi the Cleaver (Hill Orc Fighter)          Turns: 390, Time: 00:00:52

Health: -3/61      AC: 11    Str: 21    XL:     6   Next: 18%
Magic:  6/6        EV: 10    Int: 11    God:    Qazlal [......]
Gold:   0          SH:  6    Dex: 13    Spells: 5/5 levels left

rFire   . . .      SeeInvis .    m - +3 war axe (freeze)
rCold   . . .      Faith    .    c - +0 buckler
rNeg    . . .      Spirit   .    o - +2 ring mail
rPois   .          Reflect  .    (no helmet)
rElec   .          Rampage  .    (no cloak)
rCorr   .          NoTele   +    a - +0 pair of gloves
Will    .....                    n - +0 pair of boots
Stlth   +                        (no amulet)
HPRegen 0.30/turn                q - +3 ring of dexterity
MPRegen 0.10/turn                p - +3 ring of intelligence

@: no status effects
A: no striking features
a: Renounce Religion


You were in the Dungeon.
You worshipped Qazlal.
Qazlal was noncommittal.
You visited 1 branch

Inventory:

Hand Weapons
 m - a +3 war axe of freezing (weapon)
Armour
 a - a +0 pair of gloves (worn)
 c - a +0 buckler (worn)
 n - a +0 pair of boots (worn)
 o - a +2 ring mail (worn)
Jewellery
 p - a +3 ring of intelligence (right hand)
 q - a +3 ring of dexterity (left hand)
Wands
 l - a wand of roots (8) (quivered)
Scrolls
 j - 2 scrolls of blinking
 k - 2 scrolls of amnesia
Potions
 d - a potion of invisibility
 e - 2 potions of heal wounds
 f - a potion of curing
 g - a potion of haste
 h - 4 potions of magic
 i - a potion of berserk rage


   Skills:
 + Level 8.2 Fighting
 + Level 8.5 Axes
 + Level 7.5 Armour
 + Level 7.5 Shields


You had 5 spell levels left.
You didn't know any spells.
Your spell library was empty.

Dungeon Overview and Level Annotations

Branches:
Dungeon (1/1)

Altars:
Cheibriados
Dithmenos
Elyvilon
Fedhas
Gozag
Hepliaklqana
Kikubaaqudgha
Makhleb
Nemelex Xobeh
Okawaru
Qazlal
Ru
Sif Muna
Trog
Uskayaw
Vehumet
Wu Jian
Xom
Yredelemnul
Zin
The Shining One
Beogh
Jiyva
Lugonu


Message History

You hit something. Something hits you! Something bites you but does no damage.
You barely miss something. Something hits you!
* * * LOW HITPOINT WARNING * * *
Something bites you.
* * * LOW HITPOINT WARNING * * *
Something draws strength from your injuries!
You feel better. Something hits you.
* * * LOW HITPOINT WARNING * * *
Something bites you.
* * * LOW HITPOINT WARNING * * *
Something draws strength from your injuries!
You feel better. Something hits you.
* * * LOW HITPOINT WARNING * * *
Something bites you.
* * * LOW HITPOINT WARNING * * *
Something draws strength from your injuries!
You feel better. Something hits you but does no damage. Something bites you.
* * * LOW HITPOINT WARNING * * *
Something draws strength from your injuries!
You slash something! Something draws life force from you.
* * * LOW HITPOINT WARNING * * *
Aiming: Fastroot
Press: ? - help, Q - select action Shift-Dir - straight line, f - yak
Aim: a yak (moderately wounded)
The roots erupt in riotous growth!
Roots grab the yak.
The grasping roots constrict the yak.
You block something's attack. Something bites you but does no damage.
You hit something but do no damage.
The grasping roots constrict the yak, but do no damage.
The roots release their grip on the yak.
Something hits you but does no damage. Something bites you but does no damage.
You barely miss something. Something hits you but does no damage.
Something bites you.
* * * LOW HITPOINT WARNING * * *
Something draws strength from your injuries!
Something hits you!
* * * LOW HITPOINT WARNING * * *
Something bites you.
You die... ▓▓▓▓▓▓▓▓▓▓▓▓▓▓▓▓▓▓▓▓▓▓▓▓ _______'..).....@{Y{yoY. ▓▓▓▓▓▓▓▓▓▓▓▓▓▓▓▓▓▓▓▓▓▓▓▓

You could see 2 yaks, an orc warrior and a killer bee.

Vanquished Creatures
  2 water moccasins (D)
  A hound (D)
  A white imp (D)
  An orc (D)
  A giant cockroach (D)
  2 goblins (D)
  A frilled lizard (D)
  A kobold (D)
10 creatures vanquished.

Notes
Turn   | Place    | Note
-------+----------+-------------------------------------------
     0 | D        | BigDaddyOpFi the Hill Orc Fighter began the quest for the
                  | Orb.
     0 | D        | Reached XP level 1. HP: 19/19 MP: 1/1
    25 | D        | Noticed a hound
    25 | D        | Noticed a water moccasin
    25 | D        | Noticed a water moccasin
    39 | D        | Killed a hound
    40 | D        | Reached skill level 5 in Fighting
    40 | D        | Reached XP level 2. HP: 22/29 MP: 2/2
    40 | D        | Reached XP level 3. HP: 28/36 MP: 3/3
    50 | D        | Killed a water moccasin
    51 | D        | Reached XP level 4. HP: 19/47 MP: 4/4
    51 | D        | Reached XP level 5. HP: 21/52 MP: 5/5
    56 | D        | Killed a water moccasin
    57 | D        | Reached XP level 6. HP: 9/61 MP: 6/6
   291 | D        | Found a roughly hewn altar of Beogh.
   291 | D        | Found a snail-covered altar of Cheibriados.
   291 | D        | Found a shadowy altar of Dithmenos.
   291 | D        | Found a white marble altar of Elyvilon.
   291 | D        | Found a blossoming altar of Fedhas.
   291 | D        | Found an opulent altar of Gozag.
   292 | D        | Found a hazy altar of Hepliaklqana.
   293 | D        | Found a viscous altar of Jiyva.
   294 | D        | Found an ancient bone altar of Kikubaaqudgha.
   295 | D        | Found a corrupted altar of Lugonu.
   296 | D        | Found a burning altar of Makhleb.
   297 | D        | Found a sparkling altar of Nemelex Xobeh.
   298 | D        | Found an iron altar of Okawaru.
   299 | D        | Found a stormy altar of Qazlal.
   300 | D        | Found a sacrificial altar of Ru.
   301 | D        | Found a shimmering blue altar of Sif Muna.
   302 | D        | Found a bloodstained altar of Trog.
   303 | D        | Found a hide-covered altar of Uskayaw.
   304 | D        | Found a radiant altar of Vehumet.
   305 | D        | Found an ornate altar of the Wu Jian Council.
   306 | D        | Found a shimmering altar of Xom.
   307 | D        | Became a worshipper of Qazlal Stormbringer
   308 | D        | Found a basalt altar of Yredelemnul.
   309 | D        | Found a glowing silver altar of Zin.
   310 | D        | Found a glowing golden altar of the Shining One.
   371 | D        | Noticed a vampire
   371 | D        | Noticed a yak
   371 | D        | Noticed an orc warrior
   371 | D        | Noticed a yak
   390 | D        | HP: 1/61 [something (9)]
   390 | D        | Slain by a vampire

Illustrated notes

Levels and vault maps discovered:
D:        linesprint [early_d, line_temple, items_1, d_10, items_2, lair_1,
          lair_end, items_3, orc_1, orc_end, items_4, d_15, swamp_1, shoals_1,
          snake_1, spider_1, d_20, vaults_1, items_5, swamp_end, shoals_end,
          snake_end, spider_end, vaults_end, d_27, items_6, zot_1, zot_end,
          crypt_end, forest_end, elf_end, slime_end, tomb_end, abyss_end,
          pan_hell_end]

Skill      XL: |  1  2  3  4  5 |
---------------+----------------+-----
Axes           | 4 7 8 |  8.5
Fighting       | 5 7 8 |  8.2
Armour         | 4 6 7 |  7.5
Shields        | 4 6 7 |  7.5

Action                     |  1- 3 |  4- 6 || total
---------------------------+-------+-------++-------
  Melee: War axe           |    37 |    26 ||    63
  Evoke: Wand              |       |     2 ||     2
    Use: Potion            |     3 |     3 ||     6
 Armour: Scale mail        |    21 |     4 ||    25
         Ring mail         |       |    12 ||    12
  Dodge: Dodged            |    16 |     9 ||    25
  Block: Buckler           |     8 |     8 ||    16

Table legend: (Time is in decaauts)
 A = Elapsed time spent in this place.
 B = Non-inter-level travel time spent in this place.
 C = Inter-level travel time spent in this place.
 D = Time resting spent in this place.
 E = Time spent auto-exploring this place.
 F = Levels seen in this place.
 G = Mean time per level.
                   A        B        C        D        E       F      G
               +--------+--------+--------+--------+--------+-----+--------+
         Total |    404 |    404 |      0 |    223 |      0 |   1 |  404.0 |
       Dungeon |    404 |    404 |      0 |    223 |      0 |   1 |  404.0 |
               +--------+--------+--------+--------+--------+-----+--------+

Top non-repeatable levels by time:
       D: 404 daAuts
